 Dungeon Crawl Stone Soup version 0.31.0-12-g77e489cdc1 (webtiles) character file.

Game seed: 16677646517615049085

2175959 laqueoix the Skinwalker (level 27, 223/223 HPs)
             Began as an Octopode Shapeshifter on Feb 9, 2024.
             Was a High Priest of Ashenzari.
             Escaped with the Orb
             ... and 4 runes on Feb 15, 2024!
             The game lasted 05:41:52 (78153 turns).

laqueoix the Skinwalker (Octopode Shapeshifter)    Turns: 78153, Time: 05:41:53

Health: 223/223    AC: 22    Str: 29 (30) XL:     27
Magic:  45/45      EV: 67    Int: 14      God:    Ashenzari [*****.]
Gold:   1824       SH:  0    Dex: 19      Spells: 6/63 levels left

rFire   + .          .
                       - Unarmed
rCold   + + +        t - melded +5 kite shield of Ashenzari's Lethargy {AC+3, Fort, Melee} (curse)
rNeg    + + +        T - melded +2 hat of the Restrained Doubts {Dev, Sorc} (curse)
rPois   ∞            d - amulet "Enlightened Negligence" {Regen+, Melee, Self} (curse)
rElec   +            e - ring "Gaze Upon Infinity" {rPois rC+ rN+, Sorc, Melee} (curse)
rCorr   .            m - ring of Ashenzari's Fallacy {AC+4, Dev, Self} (curse)
SInv    +            o - ring "Mistrust of Ashenzari" {Ice rN++ Str+2 Dex+3, Melee, Elem} (curse)
Will    ++++.        i - ring "Elysian Scepticism" {rF++ EV+5, Elem, Dev} (curse)
Stlth   ++           G - ring of the Hare {EV+10, Bglg, Elem} (curse)
HPRegen 1.37/turn    I - ring of the Chained Dismay {AC+4, Sorc, Dev} (curse)
MPRegen 0.29/turn    Y - ring "Ensconced Bitterness" {rC+ Will+ Str+3, Elem, Melee} (curse)
                     r - ring of willpower

%: clarity
@: storm-form, flying, studying Maces & Flails
A: cleaving, insubstantial, flying, almost no armour, amphibious, 8 rings,
(camouflage 1), (gelatinous body 1), (nimble swimmer 1), (tentacles), (tentacle
spike 1), (fire resistance 1), robust 1, strong 2, evolution 1, inability to
read after injury 1
0: Orb of Zot
}: 4/15 runes: serpentine, barnacled, slimy, silver
a: Blinkbolt, Begin Untransformation, Renounce Religion, Curse Item, Shatter the
Chains


You escaped.
You worshipped Ashenzari.
Ashenzari was extremely pleased with you.
You were a lightning-filled tempest!
You visited 11 branches of the dungeon, and saw 53 of its levels.
You also visited: Trove, Sewer, Bailey, Ice Cave and Wizlab.

You collected 8948 gold pieces.
You spent 7124 gold pieces at shops.

Inventory:

Armour
 t - the cursed +5 kite shield of Ashenzari's Lethargy (melded) {AC+3, Fort, Melee}
   (You took it off a naga warrior on level 1 of the Snake Pit)

   It has a curse which improves the following skills: Fortitude: Shields.
   Melee Combat: Short Blades, Long Blades, Axes, Maces & Flails, Polearms,
   Staves and Unarmed Combat.
 T - the cursed +2 hat of the Restrained Doubts (melded) {Dev, Sorc}
   (You bought it in a shop on level 15 of the Dungeon)

   It has a curse which improves the following skills: Devices: Evocations and
   Shapeshifting.
   Sorcery:   Conjurations and Alchemy.
Jewellery
 d - the cursed amulet "Enlightened Negligence" (around neck) {Regen+, Melee, Self}
   (You found it on level 2 of the Shoals)

   [amulet of regeneration]

   Regen+:    It increases your rate of health regeneration.
   It has a curse which improves the following skills: Melee Combat: Short
   Blades, Long Blades, Axes, Maces & Flails, Polearms, Staves and Unarmed
   Combat.
   Introspection: Fighting and Spellcasting.
 e - the cursed ring "Gaze Upon Infinity" (left tentacle) {rPois rC+ rN+, Sorc, Melee}
   (You acquired it on level 3 of the Dungeon)

   [ring of protection from cold]

   rC+:       It protects you from cold.
   rPois:     It protects you from poison rN+: It protects you from negative
   energy.
   It has a curse which improves the following skills: Sorcery: Conjurations and
   Alchemy.
   Melee Combat: Short Blades, Long Blades, Axes, Maces & Flails, Polearms,
   Staves and Unarmed Combat.
 i - the cursed ring "Elysian Scepticism" (on tentacle) {rF++ EV+5, Elem, Dev}
   (You bought it in a shop on level 2 of the Vaults)

   [ring of evasion]

   EV+5:      It affects your evasion (+5).
   rF++:      It greatly protects you from fire.
   It has a curse which improves the following skills: Elements: Fire Magic, Ice
   Magic, Air Magic and Earth Magic.
   Devices:   Evocations and Shapeshifting.
 m - the cursed ring of Ashenzari's Fallacy (right tentacle) {AC+4, Dev, Self}
   (You found it on level 4 of the Dungeon)

   [ring of protection]

   AC+4:      It affects your AC (+4).
   It has a curse which improves the following skills: Devices: Evocations and
   Shapeshifting.
   Introspection: Fighting and Spellcasting.
 o - the cursed ring "Mistrust of Ashenzari" (on tentacle) {Ice rN++ Str+2 Dex+3, Melee, Elem}
   (You found it in a wizard's laboratory)

   [ring of ice]

   Ice:       It enhances your ice magic.
   Str+2:     It affects your strength (+2).
   Dex+3:     It affects your dexterity (+3).
   rF-:       It makes you vulnerable to fire.
   rC+:       It protects you from cold.
   rN++:      It greatly protects you from negative energy.
   It has a curse which improves the following skills: Melee Combat: Short
   Blades, Long Blades, Axes, Maces & Flails, Polearms, Staves and Unarmed
   Combat.
   Elements:  Fire Magic, Ice Magic, Air Magic and Earth Magic.
 r - a ring of willpower (on tentacle)
 G - the cursed ring of the Hare (on tentacle) {EV+10, Bglg, Elem}
   (You bought it in a shop on level 2 of the Orcish Mines)

   [ring of evasion]

   EV+10:     It affects your evasion (+10).
   It has a curse which improves the following skills: Beguiling: Hexes and
   Translocations.
   Elements:  Fire Magic, Ice Magic, Air Magic and Earth Magic.
 I - the cursed ring of the Chained Dismay (on tentacle) {AC+4, Sorc, Dev}
   (You took it off an ironbound convoker on level 5 of the Vaults)

   [ring of protection]

   AC+4:      It affects your AC (+4).
   It has a curse which improves the following skills: Sorcery: Conjurations and
   Alchemy.
   Devices:   Evocations and Shapeshifting.
 X - the ring of Feom Mump {rCorr Str+8 Int-4}
   (You took it off a draconian monk on level 3 of the Realm of Zot)

   [ring of resist corrosion]

   Str+8:     It affects your strength (+8).
   Int-4:     It affects your intelligence (-4).
   rCorr:     It protects you from acid and corrosion.
 Y - the cursed ring "Ensconced Bitterness" (on tentacle) {rC+ Will+ Str+3, Elem, Melee}
   (You took it off a vault guard on level 5 of the Vaults)

   [ring of willpower]

   Str+3:     It affects your strength (+3).
   rC+:       It protects you from cold.
   Will+:     It increases your willpower.
   It has a curse which improves the following skills: Elements: Fire Magic, Ice
   Magic, Air Magic and Earth Magic.
   Melee Combat: Short Blades, Long Blades, Axes, Maces & Flails, Polearms,
   Staves and Unarmed Combat.
Talismans
 D - the death talisman "Tismoer" {rElec rCorr MP-9 Str-3}
   (You found it on level 3 of the Elven Halls)

   [talisman of death]

   Str-3:     It affects your strength (-3).
   rElec:     It insulates you from electricity.
   MP-9:      It affects your magic capacity (-9).
   rCorr:     It protects you from acid and corrosion.
 H - a storm talisman (active)
Wands
 h - a wand of iceblast (67)
 k - a wand of polymorph (13)
 n - a wand of paralysis (66)
 F - a wand of digging (12)
 K - a wand of mindburst (32)
 N - a wand of quicksilver (42)
 P - a wand of flame (10)
Scrolls
 c - 2 scrolls of silence
 l - 19 scrolls of teleportation
 q - 3 scrolls of blinking
 s - 19 scrolls of revelation
 v - 5 scrolls of poison
 x - 4 scrolls of fog
 y - 5 scrolls of fear
 L - a scroll of summoning
 O - 7 scrolls of vulnerability
 Z - a scroll of immolation
Potions
 f - 18 potions of curing
 g - 7 potions of lignification
 j - 3 potions of resistance
 p - 4 potions of magic
 u - 5 potions of enlightenment
 w - 4 potions of mutation
 z - 12 potions of heal wounds
 A - 4 potions of haste
 B - 11 potions of might
 C - 5 potions of berserk rage
 E - 6 potions of attraction
 J - 2 potions of invisibility
 M - 6 potions of brilliance
 V - 4 potions of ambrosia
Miscellaneous
 a - a condenser vane
 b - a lightning rod (4/4)
 Q - a phantom mirror
 R - a sack of spiders
 S - a phial of floods


   Skills:
 - Level 17.7(20.6) Fighting
 - Level 20.6 Dodging
 - Level 12.0 Stealth
 - Level 4.8 Shields
 - Level 21.0(25.6) Unarmed Combat
 + Level 15.5(18.6) Spellcasting
 - Level 2.8(5.4) Conjurations
 + Level 12.8 Summonings
 - Level 3.9 Necromancy
 - Level 15.2(17.2) Translocations
 - Level 2.9(6.9) Ice Magic
 + Level 14.2(19.2) Air Magic
 + Level 11.3(15.4) Evocations
 + Level 22.3(26.1) Shapeshifting


You had 6 spell levels left.
You knew the following spells:

 Your Spells              Type           Power      Damage    Failure   Level
b - Blink                 Tloc           100%       N/A       0%          2
c - Manifold Assault      Tloc           57%        N/A       1%          4
d - Dispersal             Tloc           28%        N/A       1%          6
e - Summon Forest         Summ/Tloc      26%        N/A       1%          5
f - Fugue of the Fallen   Necr           23%        N/A       2%          3
g - Summon Cactus Giant   Summ           24%        N/A       3%          6
h - Summon Blazeheart Go  Fire/Summ      32%        N/A       2%          4
j - Airstrike             Air            30%        2d(5-21)  0%          4
k - Summon Lightning Spi  Summ/Air       55%        N/A       1%          4
l - Vhi's Electric Charg  Tloc/Air       100%       N/A       1%          4
m - Maxwell's Capacitive  Air            30%        ∞         11%         8
o - Ozocubu's Armour      Ice            48%        N/A       1%          3
p - Passage of Golubria   Tloc           57%        N/A       1%          4

Your spell library contained the following spells:

 Spells                   Type           Power      Damage    Failure   Level
 Apportation              Tloc           100%       N/A       0%          1
 Lesser Beckoning         Tloc           100%       N/A       0%          2
 Gell's Gravitas          Tloc           57%        N/A       0%          3
 Swiftness                Air            61%        N/A       0%          3
 Teleport Other           Tloc           57%        N/A       0%          3
 Foxfire                  Conj/Fire      84%        2x1d8     1%          1
 Freeze                   Ice            100%       1d10      1%          1
 Kiss of Death            Conj/Necr      100%       2d13      1%          1
 Magic Dart               Conj           100%       1d8       1%          1
 Necrotise                Necr           92%        1d8       1%          1
 Shock                    Conj/Air       100%       1d9       1%          1
 Sting                    Conj/Alch      84%        1d8       1%          1
 Summon Small Mammal      Summ           100%       N/A       1%          1
 Call Imp                 Summ           98%        N/A       1%          2
 Cigotuvi's Dreadful Rot  Necr/Alch/Air  70%        N/A       1%          2
 Ensorcelled Hibernation  Hex/Ice        68%        N/A       1%          2
 Mercury Vapours          Alch/Air       80%        N/A       1%          2
 Static Discharge         Conj/Air       94%        3-7/arc   1%          2
 Call Canine Familiar     Summ           49%        N/A       1%          3
 Frozen Ramparts          Ice            96%        1d15      1%          3
 Hailstorm                Conj/Ice       45%        3d10      1%          3
 Mephitic Cloud           Conj/Alch/Air  36%        N/A       1%          3
 Summon Ice Beast         Ice/Summ       57%        N/A       1%          3
 Volatile Blastmotes      Fire/Tloc      76%        2d16      1%          3
 Dimensional Bullseye     Hex/Tloc       18%        N/A       1%          4
 Iskenderun's Mystic Bla  Conj/Tloc      44%        2d10      1%          4
 Arcjolt                  Conj/Air       23%        1d33      1%          5
 Vampiric Draining        Necr           23%        2d7       2%          3
 Sandblast                Erth           30%        2d9       3%          1
 Slow                     Hex            52%        N/A       4%          1
 Scorch                   Fire           30%        2d6       4%          2
 Dazzling Flash           Conj/Hex       40%        N/A       4%          3
 Conjure Ball Lightning   Conj/Air       23%        3x3d6     4%          6
 Jinxbite                 Hex            26%        N/A       6%          2
 Animate Dead             Necr           23%        N/A       9%          4
 Dispel Undead            Necr           23%        3d12      9%          4
 Summon Mana Viper        Hex/Summ       31%        N/A       9%          5
 Passwall                 Erth           15%        N/A       10%         3
 Inner Flame              Hex/Fire       14%        N/A       11%         3
 Plasma Beam              Fire/Air       20%        2x1d32    11%         6
 Confusing Touch          Hex            13%        N/A       12%         3
 Sigil of Binding         Hex            13%        N/A       12%         3
 Tukima's Dance           Hex            13%        N/A       12%         3
 Brom's Barrelling Bould  Conj/Erth      21%        2d4       12%         4
 Flame Wave               Conj/Fire      21%        2d8       12%         4
 Fulminant Prism          Conj/Alch      10%        3d9       13%         4
 Iskenderun's Battlesphe  Conj           28%        2d8       13%         5
 Anguish                  Hex/Necr       9%         N/A       19%         4
 Metabolic Englaciation   Hex/Ice        17%        N/A       26%         5
 Ignite Poison            Fire/Alch      14%        N/A       34%         4
 Petrify                  Alch/Erth      14%        N/A       34%         4
 Sticky Flame             Fire/Alch      14%        2d5       34%         4
 Fireball                 Conj/Fire      10%        3d6       34%         5
 Cause Fear               Hex            6%         N/A       36%         4
 Olgreb's Toxic Radiance  Alch           14%        N/A       36%         4
 Irradiate                Conj/Alch      10%        3d15      36%         5
 Borgnjor's Vile Clutch   Necr/Erth      9%         N/A       43%         5
 Yara's Violent Unravell  Hex/Alch       6%         3d5       71%         5
 Sculpt Simulacrum        Ice/Alch       17%        N/A       82%         6
 Starburst                Conj/Fire      10%        6d5       88%         6
 Monstrous Menagerie      Summ           24%        N/A       19%         7
 Summon Hydra             Summ           24%        N/A       19%         7
 Disjunction              Tloc           28%        N/A       24%         8
 Haunt                    Necr/Summ      18%        N/A       75%         7
 Ozocubu's Refrigeration  Ice            24%        4d12      91%         7
 Orb of Destruction       Conj           14%        9d7       99%         7
 Enfeeble                 Hex            6%         N/A       100%        7
 Borgnjor's Revivificati  Necr           11%        N/A       100%        8
 Discord                  Hex            6%         N/A       100%        8
 Infestation              Necr           11%        N/A       100%        8
 Chain Lightning          Conj/Air       23%        3d31      100%        9
 Death's Door             Necr           11%        N/A       100%        9
 Shatter                  Erth           7%         3d10*     100%        9
 Sublimation of Blood     Necr           Unusable   N/A       N/A         2

Dungeon Overview and Level Annotations

Branches:
Dungeon (15/15)            Temple (1/1) D:7            Lair (5/5) D:10
 Shoals (4/4) Lair:3        Snake (4/4) Lair:3        Slime (5/5) Lair:5
    Orc (2/2) D:12            Elf (3/3) Orc:2        Vaults (5/5) D:14
  Crypt (0/3) Vaults:2     Depths (4/4) D:15            Zot (5/5) Depths:4
  Sewer (visited)          Bailey (visited)           IceCv (visited)
 WizLab (visited)

Altars:
Ashenzari
Cheibriados
Dithmenos
Elyvilon
Fedhas
Gozag
Hepliaklqana
Kikubaaqudgha
Makhleb
Nemelex Xobeh
Okawaru
Qazlal
Ru
Sif Muna
Trog
Uskayaw
Vehumet
Wu Jian
Xom
Yredelemnul
Zin
The Shining One

Shops:
D:3 (   D:14 *   D:15 [   Orc:2 [=[(   Elf:2 *   Elf:3 *(([*   Shoals:3 (
Snake:1 ?   Vaults:2 (!=   Vaults:4 :*[?*

Portals:
Hell: Depths:1 Depths:2 Depths:3 Depths:4
Abyss: Depths:2 Depths:3
Pandemonium: Depths:1 Depths:2 Depths:4
Ziggurat: Depths:3

Annotations:
D:3 1 runed translucent door, Crazy Yiuf
D:10 2 transporters
Lair:5 exclusions: obsidian statue and oklob plant


Innate Abilities, Weirdness & Mutations

You are a lightning-filled tempest!
Your electrical attacks strike out in all directions at once.
You are incredibly evasive.
Your insubstantial body is immune to petrification, constriction, and being set on fire You are flying.
Your armour is entirely melded.
You are incapable of wielding weapons or throwing items.
You cannot wear most types of armour.
You are amphibious.
You can wear up to eight rings at the same time.
You are immune to poison.
((Your skin changes colour to match your surroundings (Stealth+).))
((Your rubbery body absorbs attacks. (AC +1, EV +1)))
((You are camouflaged when in or above water. (Stealth+)))
((You have tentacles for arms and can constrict up to eight enemies at once.))
((One of your tentacles bears a spike.))
((Your flesh is heat resistant. (rF+)))
You are robust. (+10% HP)
Your muscles are very strong. (Str +8, Int/Dex -2)
You have hidden genetic potential.
You occasionally lose the ability to read scrolls when taking damage.


Message History

Aim: an Orb Guardian (82% to hit)
You charge forward with an electric crackle!
You buffet the Orb Guardian and electrocute it!
Lightning courses through the Orb Guardian!!
The Orb Guardian is moderately wounded.
The Orb Guardian completely misses you.
You hit the Orb Guardian but do no damage.
Lightning courses through the Orb Guardian!
You punch the Orb Guardian, but do no damage.
The Orb Guardian is heavily wounded.
The Orb Guardian completely misses you.
You hit the Orb Guardian.
The Orb Guardian is heavily wounded.
You blast the Orb Guardian!!!!
You kill the Orb Guardian!
There is a stone staircase leading up here.
You fly upwards.
There is a stone staircase leading down here.
You sense a monster nearby.
There is a stone staircase leading up here.
You fly upwards.
There is a stone staircase leading down here.
There is a stone staircase leading up here.
You fly upwards.
Level annotation: 1 runed translucent door, Crazy Yiuf
There is a stone staircase leading down here.
There is a stone staircase leading up here.
You fly upwards.
There is a stone staircase leading down here.
An efreet comes into view.
It is wielding a +1 scimitar of flaming.
The efreet moves out of view.
There is a stone staircase leading up here.
You fly upwards.
There is a stone staircase leading down here.
Okay, then.
There is an open door here.
There is an open door here.
There is an open door here.
There is a staircase leading out of the dungeon here.
You have escaped!

.##.# #.# #.# #...###
.##.####.#########.## ##.....
.##.....#...........# #.....
.#######.##########.### ##.....
.# #####.##########...#####......
.# #.............................
.# #.######...######...######...#
.# #.#....#...#....#)..#....#...#
.###.#.>..#...#.v..#...#....#...#
.....#....##'##....##'##....##'##
###..##'###...##'###...###'##...#
#...#...'...+....'...'....+...'
##...##..##.###.#.##.##.##.#####
##.....#.........)##..#.##.###...
#......###..##..#.#......#.......
........#.#.....#.....#.....#...#
#.....#.####.....##...#.........#


There were no monsters in sight!

Vanquished Creatures
  the Royal Jelly (Slime:5)
  3 pandemonium lords
  3 dread liches
  3 ancient liches
  An orb of fire (Zot:5)
  3 juggernauts
  Josephina (Depths:2)
  Bai Suzhen (Vaults:5)
  Sojobo (Depths:3)
  Parghit (Zot:1)
  The ghost of Heoriaro the Bludgeoner, a legendary GnFi of Cheibriados (Zot:3)
  4 curse toes
  5 Killer Klowns
  Margery (Vaults:5)
  Saint Roka (Orc:2)
  A caustic shrike (Depths:1)
  13 golden dragons
  the Enchantress (Depths:1)
  A hellephant (Vaults:5)
  7 electric golems
  Jorgrun (Orc:2)
  2 Hell Sentinels
  Rupert (D:15)
  25 Orb Guardians
  13 tentacled monstrosities
  3 liches
  8 titans
  A walking divine tome (Depths:1)
  A deep elf master archer (Elf:3)
  A deep elf blademaster (Elf:3)
  20 acid blobs
  Polyphemus (Shoals:3)
  12 death cobs
  9 quicksilver dragons
  7 sphinxes
  24 storm dragons
  3 daevas
  Agnes (D:15)
  6 tengu reavers
  7 rockslimes
  4 azure jellies
  6 nagarajas
  Aizul (Snake:4)
  10 draconian monks
  5 draconian knights
  A demonspawn warmonger (D:15)
  2 iron dragons (Vaults:5)
  2 protean progenitors (Zot:5)
  10 shadow dragons
  8 frost giants
  10 fire giants
  8 deep elf sorcerers
  2 ghost moths
  Louise (Shoals:3)
  A draconian scorcher (Zot:1)
  A balrug (D:15)
  6 draconian shifters
  2 angels
  20 vault wardens
  2 deep elf elementalists (Elf:3)
  3 reapers
  4 orc warlords
  4 spriggan defenders (Depths:1)
  The ghost of Greth the Warrior, a journeyman HOCK of Xom (D:15)
  A cacodemon (D:10)
  10 stone giants
  4 draconian annihilators
  12 quicksilver oozes
  4 deep elf death magi
  13 ironbound thunderhulks
  6 formless jellyfish
  19 ironbound preservers
  13 very ugly things
  10 green draconians
  3 deep elf demonologists
  9 deep elf annihilators
  7 black draconians
  16 purple draconians
  16 dire elephants
  4 spark wasps (Depths:3)
  4 war gargoyles
  9 white draconians
  6 red draconians
  13 merfolk impalers
  12 yellow draconians
  3 green deaths
  8 ettins
  2 entropy weavers
  2 crystal guardians (WizLab)
  10 merfolk javelineers
  10 yaktaur captains
  5 fire dragons
  Fannar (D:12)
  5 deep elf high priests
  8 peacekeepers
  A rakshasa (Depths:1)
  2 hydras
  7 salamander tyrants
  A caustic shrike simulacrum (IceCv)
  14 great orbs of eyes
  11 ironbound frosthearts
  4 merfolk avatars
  An ogre mage (Vaults:5)
  34 vault guards
  10 ice dragons
  5 centaur warriors
  3 spriggan air magi (Depths:1)
  14 anacondas
  4 catoblepae
  6 merfolk aquamancers
  6 boulder beetles
  A sphinx zombie (D:15)
  4 satyrs
  9 two-headed ogres
  7 deep troll earth magi
  23 dancing weapons
  5 deep troll shamans
  13 death yaks
  A vampire mage (D:15)
  11 naga warriors
  A sphinx skeleton (D:15)
  An occultist (Depths:2)
  7 tengu warriors
  12 shock serpents
  A shock serpent (shapeshifter) (Elf:1)
  15 naga sharpshooters
  4 spriggan berserkers (Depths:1)
  Urug (Lair:5)
  4 orc high priests
  3 hell knights (Vaults:5)
  2 soul eaters
  11 iron trolls
  6 skysharks
  3 sun demons
  14 deep elf knights
  6 salamander mystics
  2 skeletal warriors (D:15)
  A spectral anaconda (Lair:5)
  11 sea snakes
  2 sixfirhies (D:10)
  6 mana vipers
  62 deep trolls
  2 flayed ghosts
  3 cherubim (Shoals:4)
  5 arcanists
  A shadow demon (D:8)
  23 ironbound convokers
  10 naga ritualists
  4 spriggan simulacra
  An orb spider (shapeshifter) (Vaults:5)
  An obsidian statue (IceCv)
  5 glowing orange brains
  5 phantasmal warriors
  Pikel (D:5)
  6 deep elf archers
  8 lindwurms
  17 harpies
  5 bog bodies (IceCv)
  21 deep elf pyromancers
  A mana viper (shapeshifter) (Vaults:5)
  A harpy (shapeshifter) (Elf:1)
  11 necromancers
  2 lightning spires (WizLab)
  13 orc knights
  3 wolf spiders (Zot:5)
  35 ugly things
  20 deep elf zephyrmancers
  21 fauns
  22 manticores
  A sphinx simulacrum (Vaults:3)
  12 cyclopes
  2 orc sorcerers
  A meliai (shapeshifter) (Elf:1)
  28 salamanders
  3 meliai (D:14)
  5 shining eyes
  28 moths of wrath
  40 black mambas
  12 kobold blastminers (Orc:2)
  22 naga magi
  11 merfolk sirens
  9 elephants (Lair:5)
  5 water nymphs
  A dire elephant zombie (Lair:5)
  2 eyes of devastation
  18 vault sentinels
  6 gargoyles
  9 guardian serpents
  A torpor snail (Lair:5)
  A titan simulacrum (Depths:2)
  5 molten gargoyles (WizLab)
  2 torpor snails (shapeshifter)
  An unseen horror (shapeshifter) (Elf:1)
  A rime drake (shapeshifter) (Elf:1)
  2 cane toads (shapeshifter)
  11 cane toads
  30 yaktaurs
  A yaktaur zombie (Vaults:3)
  An unseen horror (D:10)
  An efreet (D:15)
  15 freezing wraiths (IceCv)
  An ice devil (IceCv)
  A spark wasp simulacrum (Depths:2)
  11 komodo dragons
  2 tengu conjurers (Depths:1)
  4 anaconda simulacra (IceCv)
  A tormentor (Depths:1)
  22 merfolk
  A yaktaur skeleton (Vaults:3)
  4 golden dragon simulacra
  A polar bear (Lair:5)
  3 hornets
  9 trolls
  3 hellwings
  2 wind drakes
  An alligator simulacrum (IceCv)
  A shadow dragon simulacrum (Vaults:5)
  15 dream sheep
  8 blink frogs
  2 ettin zombies
  Sigmund (D:4)
  A fire giant simulacrum (Depths:2)
  10 snapping turtles
  106 slime creatures
  2 vampires (D:14)
  An air elemental (Elf:1)
  2 spriggans (Depths:1)
  A jumping spider (shapeshifter) (Elf:1)
  A spriggan skeleton (D:15)
  A shadow (D:11)
  A spriggan (shapeshifter) (D:13)
  10 water elementals
  2 wyverns
  7 dire elephant simulacra
  A yak (shapeshifter) (Elf:1)
  A nameless horror (Vaults:4)
  66 yaks
  5 wraiths
  7 fire bats
  A ynoxinul (Depths:4)
  4 fire elementals
  2 wargs
  6 vampire mosquitoes
  A basilisk (Lair:3)
  10 golden eyes
  A redback (shapeshifter) (Vaults:5)
  A death yak simulacrum (Lair:5)
  3 steam dragons
  A redback (Vaults:4)
  A minotaur simulacrum (IceCv)
  A spectral cane toad (Lair:5)
  A naga (shapeshifter) (Elf:1)
  2 harpy simulacra (IceCv)
  2 acid dragons
  52 nagas
  20 water moccasins
  A water moccasin (shapeshifter) (Elf:1)
  52 orc warriors
  An elephant zombie (Lair:5)
  2 ice beasts
  2 ettin simulacra (IceCv)
  2 sky beasts
  3 black bears
  A laughing skull (Vaults:2)
  9 ogres
  4 wolves (Lair:5)
  2 elephant skeletons (Lair:5)
  5 centaurs
  2 lemures (D:5)
  2 phantoms
  A kobold brigand (D:8)
  A gnoll sergeant (D:7)
  2 brain worms (Sewer)
  3 earth elementals
  7 bullfrogs
  A small abomination (D:8)
  2 deep troll simulacra
  2 scorpions (D:5)
  14 wights
  4 elephant simulacra (Lair:5)
  9 killer bees
  3 lindwurm simulacra (IceCv)
  An electric eel (D:12)
  4 howler monkeys
  5 jellies
  3 bombardier beetles
  4 sleepcaps
  26 orc priests
  A hound (D:5)
  Ijyb (D:3)
  3 iguanas
  Natasha (thrice) (D:3)
  34 orc wizards
  Terence (D:3)
  4 gnolls (D:7)
  10 adders
  4 river rats
  2 white imps
  3 ufetubi
  An adder zombie (D:3)
  A dart slug (shapeshifter) (D:13)
  5 dart slugs
  111 orcs
  7 bats
  4 endoplasms
  3 giant cockroaches
  10 goblins
  5 hobgoblins
  7 jackals (D:1)
  4 kobolds
  4 quokkas
  5 ball pythons
  9 frilled lizards
  A jackal zombie (D:3)
  11 rats
2325 creatures vanquished.

Vanquished Creatures (collateral kills)
  A sphinx (Vaults:4)
  A fire giant (Depths:1)
  A vault warden (Vaults:4)
  2 ironbound thunderhulks
  An ettin (Depths:1)
  A fire dragon (Depths:1)
  A vault guard (Vaults:1)
  A spriggan air mage (Depths:1)
  3 dancing weapons (Elf:2)
  An occultist (Depths:1)
  A deep troll (Vaults:1)
  A deep elf archer (Elf:1)
  A deep elf pyromancer (Elf:1)
  A spriggan (Depths:1)
  An orc warrior (Vaults:5)
18 creatures vanquished.

Vanquished Creatures (others)
  A deep elf pyromancer (Elf:3)
  A red devil (Zot:5)
  A water elemental (Shoals:3)
  An orc warrior (Vaults:5)
  A bombardier beetle (D:6)
  9 blazeheart cores
  6 snaplasher vines
20 creatures vanquished.

Grand Total: 2363 creatures vanquished

Notes
Turn   | Place    | Note
-------+----------+-------------------------------------------
     0 | D:1      | laqueoix the Octopode Shapeshifter began the quest for the
                  | Orb.
     0 | D:1      | Reached XP level 1. HP: 13/13 MP: 1/1
   130 | D:1      | Reached XP level 2. HP: 13/18 MP: 2/2
   692 | D:2      | Found a sparkling altar of Nemelex Xobeh.
   698 | D:2      | Reached XP level 3. HP: 23/23 MP: 3/3
  1053 | D:2      | Found a faded altar of an unknown god.
  1130 | D:3      | Noticed Terence
  1137 | D:3      | Killed Terence
  1138 | D:3      | Reached skill level 5 in Unarmed Combat
  1138 | D:3      | Reached XP level 4. HP: 28/28 MP: 4/4
  1141 | D:3      | Identified a scroll of acquirement
  1141 | D:3      | Acquired a manual of Unarmed Combat
  1158 | D:3      | Noticed Natasha
  1276 | D:3      | Acquired the ring "Neateaj" {rPois rC+ rN+}
  1290 | D:3      | Killed Natasha
  1354 | D:3      | Found Uwacaoz's Weapon Shop.
  1421 | D:3      | Noticed Natasha
  1437 | D:3      | Killed Natasha
  1438 | D:3      | Reached XP level 5. HP: 18/33 MP: 5/5
  1550 | D:3      | Found a basalt altar of Yredelemnul.
  1615 | D:3      | Found a runed translucent door.
  1616 | D:3      | Noticed Crazy Yiuf
  1694 | D:3      | Noticed Natasha
  1699 | D:3      | Killed Natasha
  1701 | D:3      | Noticed Ijyb
  1719 | D:3      | Killed Ijyb
  2246 | D:4      | Reached skill level 4 in Shapeshifting
  2246 | D:4      | Reached XP level 6. HP: 34/38 MP: 6/6
  2409 | D:4      | Found a hazy altar of Hepliaklqana.
  2448 | D:4      | Found a glowing drain.
  2463 | Sewer    | Entered a sewer
  2569 | Sewer    | Reached XP level 7. HP: 34/43 MP: 5/7
  2639 | Sewer    | Reached skill level 5 in Shapeshifting
  2951 | D:4      | Noticed Sigmund
  2964 | D:4      | Killed Sigmund
  3261 | D:4      | Found the +1 Delatra's gloves {ID++}
  3277 | D:4      | Reached skill level 6 in Shapeshifting
  3287 | D:4      | Reached XP level 8. HP: 42/48 MP: 8/8
  3499 | D:5      | Entered Level 5 of the Dungeon
  3535 | D:5      | Found a hide-covered altar of Uskayaw.
  3753 | D:5      | Reached skill level 7 in Shapeshifting
  3763 | D:5      | Noticed Pikel
  3819 | D:5      | Killed Pikel
  3820 | D:5      | Reached skill level 10 in Unarmed Combat
  3820 | D:5      | Reached XP level 9. HP: 23/55 MP: 9/9
  3991 | D:5      | Found a radiant altar of Vehumet.
  4316 | D:5      | Found a shimmering altar of Xom.
  4318 | D:5      | Found a sparkling altar of Nemelex Xobeh.
  4318 | D:5      | Found a white marble altar of Elyvilon.
  4320 | D:5      | Found a hide-covered altar of Uskayaw.
  4320 | D:5      | Found a blossoming altar of Fedhas.
  4320 | D:5      | Found a shimmering altar of Xom.
  4879 | D:6      | Reached skill level 8 in Shapeshifting
  5104 | D:6      | Found a stormy altar of Qazlal.
  5231 | D:7      | Reached skill level 5 in Dodging
  5251 | D:7      | Noticed a troll
  5266 | D:7      | Killed a troll
  5273 | D:7      | Reached XP level 10. HP: 11/65 MP: 10/10
  5428 | D:7      | Found a staircase to the Ecumenical Temple.
  5437 | Temple   | Entered the Ecumenical Temple
  5446 | Temple   | Became a worshipper of Ashenzari the Shackled
  5463 | D:7      | Reached skill level 5 in Fighting
  5484 | D:7      | Found a flagged portal.
  5562 | Bailey   | Entered a bailey
  5670 | Bailey   | Noticed an orc knight
  6010 | Bailey   | Identified the amulet "Ekim" {Spirit Str-3 Int+3 Stlth+}
  6058 | Bailey   | Killed an orc knight
  6532 | D:7      | Found a snail-covered altar of Cheibriados.
  7194 | D:8      | Found a sacrificial altar of Ru.
  7218 | D:8      | Found an ancient bone altar of Kikubaaqudgha.
  7307 | D:8      | Reached skill level 9 in Shapeshifting
  7405 | D:8      | Reached * piety under Ashenzari
  7429 | D:8      | Acquired a manual of Translocations
  7912 | D:8      | Learned a level 1 spell: Magic Dart
  8154 | D:9      | Reached XP level 11. HP: 51/77 MP: 11/11
  8923 | D:9      | Found a blossoming altar of Fedhas.
  8925 | D:9      | Found a white marble altar of Elyvilon.
  8927 | D:9      | Found a shadowy altar of Dithmenos.
  8986 | D:10     | Entered Level 10 of the Dungeon
  9300 | D:10     | Noticed a two-headed ogre
  9320 | D:10     | Killed a two-headed ogre
  9487 | D:10     | Found a transporter.
  9577 | D:10     | Found a staircase to the Lair.
  9619 | D:10     | Reached skill level 10 in Shapeshifting
  9675 | D:10     | Reached ** piety under Ashenzari
  9801 | D:10     | Found a transporter.
 10165 | Lair:1   | Entered Level 1 of the Lair of Beasts
 10176 | Lair:1   | Noticed a boulder beetle
 10187 | Lair:1   | Killed a boulder beetle
 10776 | Lair:1   | Reached XP level 12. HP: 85/87 MP: 12/12
 12197 | Lair:2   | Reached skill level 15 in Unarmed Combat
 12306 | Lair:2   | Noticed a catoblepas
 12319 | Lair:2   | Killed a catoblepas
 12320 | Lair:2   | Reached skill level 1 in Stealth
 12320 | Lair:2   | Reached skill level 11 in Shapeshifting
 12605 | Lair:2   | Identified the cursed +0 kite shield of Ashenzari's Blue
                  | Moon {Cun, Sorc} (You found it on level 10 of the Dungeon)
 13248 | Lair:3   | Found a staircase to the Shoals.
 13253 | Lair:3   | Reached XP level 13. HP: 95/95 MP: 13/13
 13776 | Lair:3   | Found a staircase to the Snake Pit.
 13791 | Lair:3   | Reached *** piety under Ashenzari
 13979 | Lair:4   | Identified the +7 sling of Beogh's Approval {heavy, Will++
                  | Str+2 Dex-2}
 14275 | Lair:4   | Reached skill level 12 in Shapeshifting
 14912 | Lair:5   | Entered Level 5 of the Lair of Beasts
 15180 | Lair:5   | Noticed Urug
 15408 | D:11     | Learned a level 2 spell: Blink
 15611 | D:11     | Reached skill level 1 in Translocations
 15620 | D:11     | Reached skill level 1 in Spellcasting
 16350 | D:12     | Identified the +1 robe of Circular Logic {rElec rF+ Int-4
                  | SInv}
 16403 | D:12     | Noticed Fannar
 16414 | D:12     | Killed Fannar
 16445 | D:12     | Identified the +0 leather armour of Winter {Harm rC++
                  | Regen+ Stlth-}
 16946 | D:12     | Found a staircase to the Orcish Mines.
 17625 | D:13     | Reached skill level 5 in Translocations
 18517 | D:14     | Reached XP level 14. HP: 103/103 MP: 22/22
 18806 | D:14     | Reached skill level 13 in Shapeshifting
 18883 | D:14     | Found a gate to the Vaults.
 19501 | D:14     | Found Delaalos's Blood Bar.
 20283 | D:15     | Entered Level 15 of the Dungeon
 20325 | D:15     | Reached skill level 5 in Stealth
 20496 | D:15     | Found Qoest's Armour Shoppe.
 20530 | D:15     | Found a staircase to the Depths.
 20643 | D:15     | Reached **** piety under Ashenzari
 21191 | D:15     | Noticed Rupert
 21197 | D:15     | Paralysed by Rupert for 5 turns
 21211 | D:15     | Killed Rupert
 21212 | D:15     | Reached skill level 14 in Shapeshifting
 21393 | D:15     | Found a runed translucent door.
 21397 | D:15     | Noticed Greth's ghost (journeyman HOCK)
 21416 | D:15     | Killed Greth's ghost
 21578 | D:15     | Noticed Agnes
 21591 | D:15     | Killed Agnes
 21857 | D:15     | Reached XP level 15. HP: 109/109 MP: 24/24
 22205 | Lair:5   | Reached skill level 1 in Conjurations
 22332 | Lair:5   | Killed Urug
 22504 | Lair:5   | Found a blossoming altar of Fedhas.
 22954 | Lair:5   | Found a staircase to the Slime Pits.
 23708 | Lair:5   | Reached skill level 15 in Shapeshifting
 24471 | D:15     | Bought a +2 hat for 224 gold pieces
 24634 | Orc:1    | Entered Level 1 of the Orcish Mines
 24759 | Orc:1    | Reached ***** piety under Ashenzari
 25211 | Orc:1    | Learned a level 3 spell: Passwall
 25372 | Orc:2    | Entered Level 2 of the Orcish Mines
 25671 | Orc:2    | Found a staircase to the Elven Halls.
 25775 | Orc:2    | Noticed Jorgrun
 25786 | Orc:2    | Killed Jorgrun
 25831 | Orc:2    | Noticed Saint Roka
 25846 | Orc:2    | Killed Saint Roka
 26169 | Orc:2    | Noticed an orc warlord
 26195 | Orc:2    | Killed an orc warlord
 26196 | Orc:2    | Reached XP level 16. HP: 108/117 MP: 20/25
 26370 | Orc:2    | Found Gev Rylo's Antique Armour Emporium.
 26465 | Orc:2    | Found Demugen's Jewellery Shop.
 26470 | Orc:2    | Bought a dragon-blood talisman for 1020 gold pieces
 26592 | Orc:2    | Bought a +4 ring of protection for 612 gold pieces
 26592 | Orc:2    | Bought a ring of resist corrosion for 340 gold pieces
 26700 | Orc:2    | Found Qeirogir's Antique Weapon Emporium.
 26702 | Orc:2    | Found Ruqat's Antique Armour Shoppe.
 27135 | Snake:1  | Entered Level 1 of the Snake Pit
 27562 | Snake:1  | Found Rahut's Magic Scroll Shop.
 28047 | Snake:1  | Reached skill level 1 in Evocations
 28979 | Snake:2  | Noticed a nagaraja
 28997 | Snake:1  | Killed a nagaraja
 29136 | Snake:1  | Reached skill level 10 in Dodging
 29403 | Snake:2  | Reached skill level 10 in Fighting
 31004 | Snake:2  | Found an ornate altar of the Wu Jian Council.
 31152 | Snake:2  | Reached skill level 5 in Evocations
 31234 | Snake:3  | Noticed a nagaraja
 31237 | Snake:3  | Killed a nagaraja
 31361 | Snake:3  | Noticed a nagaraja
 31372 | Snake:3  | Killed a nagaraja
 31373 | Snake:3  | Reached skill level 16 in Shapeshifting
 31373 | Snake:3  | Reached XP level 17. HP: 126/126 MP: 26/26
 32418 | Snake:3  | Found a runed translucent door.
 32418 | Snake:3  | Identified the +1 lajatang of the Baking Gods {flame,
                  | Int+3}
 33487 | Snake:4  | Entered Level 4 of the Snake Pit
 33931 | Snake:4  | Found a glacial archway.
 33943 | IceCv    | Entered an ice cave
 34375 | IceCv    | Identified the +2 pair of boots of Sunwut {*Corrode rC+
                  | Regen+}
 34405 | IceCv    | Found an ancient bone altar of Kikubaaqudgha.
 34645 | IceCv    | Noticed a lich
 34650 | IceCv    | Killed a lich
 34813 | IceCv    | Identified the Handbook of Baldness
 34825 | IceCv    | Learned a level 3 spell: Fugue of the Fallen
 35189 | Snake:4  | Reached skill level 17 in Shapeshifting
 35230 | Snake:4  | Reached skill level 1 in Necromancy
 35230 | Snake:4  | Reached XP level 18. HP: 137/137 MP: 27/27
 35347 | Snake:4  | Identified the serpent talisman of the Stars {rElec rF+
                  | Dex+4}
 35347 | Snake:4  | Noticed Aizul
 35360 | Snake:4  | Killed Aizul
 36352 | Snake:4  | Noticed a quicksilver dragon
 36359 | Snake:4  | Killed a quicksilver dragon
 36669 | Snake:4  | Got a serpentine rune of Zot
 36842 | Shoals:1 | Entered Level 1 of the Shoals
 37135 | Shoals:1 | Identified the +4 chain mail "Ituo" {Will+ Str+2}
 38640 | Shoals:2 | Reached XP level 19. HP: 144/144 MP: 27/27
 39199 | Shoals:3 | Noticed Polyphemus
 39210 | Shoals:3 | Killed Polyphemus
 39244 | Shoals:3 | Found Laedghaorgh's Antique Weapon Boutique.
 39505 | Shoals:3 | Reached skill level 18 in Shapeshifting
 39585 | Shoals:3 | Identified the Meditations on the Commander and the Tundra
 39755 | Shoals:3 | Noticed Louise
 39777 | Shoals:3 | Killed Louise
 40190 | Shoals:4 | Entered Level 4 of the Shoals
 40279 | Shoals:4 | Found a glowing silver altar of Zin.
 40504 | Shoals:4 | Found a white marble altar of Elyvilon.
 40516 | Shoals:4 | Identified the amulet "Ilihokhi" {Acrobat rElec rN+ Int+7}
 40518 | Shoals:4 | Reached skill level 15 in Dodging
 40532 | Shoals:4 | Reached skill level 15 in Fighting
 41035 | Shoals:4 | Found a glowing golden altar of the Shining One.
 41041 | Shoals:4 | Identified the staff "Killer Bee's Foe" {rElec rN+ Str+6
                  | Int-4 Conj Necro}
 41060 | Shoals:4 | Got a barnacled rune of Zot
 41381 | Shoals:4 | Learned a level 5 spell: Summon Forest
 41385 | Shoals:4 | Learned a level 3 spell: Call Canine Familiar
 41674 | Vaults:1 | Entered Level 1 of the Vaults
 41747 | Vaults:1 | Reached skill level 1 in Summonings
 41978 | Vaults:1 | Reached XP level 20. HP: 154/154 MP: 24/28
 43237 | Vaults:2 | Reached skill level 19 in Shapeshifting
 43237 | Vaults:2 | Found Mibup's Antique Weapon Shop.
 43448 | Vaults:2 | Reached skill level 5 in Summonings
 43593 | Vaults:2 | Found a staircase to the Crypt.
 43805 | Vaults:2 | Found a portal to a secret trove of treasure.
 44765 | Vaults:2 | You paid a toll of a +6 demon trident to enter a treasure
                  | trove
 44766 | Trove    | Entered a treasure trove
 44768 | Trove    | Identified the +5 sling of Pialef {freeze, rF- rC+++ Int+5}
 44768 | Trove    | Identified the +5 longbow "Fymuce" {freeze, rF- rN++}
 44769 | Trove    | Identified the +4 bardiche of Ravage {venom, rF+++ rCorr
                  | MP-9 Dex-4}
 44769 | Trove    | Identified the +12 quarterstaff of Hareud {speed, rPois
                  | rC++ Int+3}
 45148 | Vaults:2 | Found Tameyf's Jewellery Shoppe.
 45152 | Vaults:2 | Found Qomebuahoy's Distillery.
 45173 | Vaults:2 | Bought the ring "Xuweos" {rF++ EV+5} for 968 gold pieces
 45184 | Vaults:2 | Bought a potion of resistance for 180 gold pieces
 45184 | Vaults:2 | Bought a potion of might for 72 gold pieces
 45184 | Vaults:2 | Bought a potion of heal wounds for 90 gold pieces
 45705 | Vaults:3 | Reached XP level 21. HP: 165/165 MP: 33/33
 45911 | Vaults:3 | Reached skill level 5 in Spellcasting
 46767 | Vaults:4 | Found Epineto's Assorted Antiques.
 46789 | Vaults:4 | Identified the Secrets of the Tektite and Translocation
 46805 | Vaults:4 | Learned a level 6 spell: Summon Cactus Giant
 46810 | Vaults:4 | Learned a level 4 spell: Summon Blazeheart Golem
 46958 | Vaults:4 | Found Puemnek's Magic Scroll Emporium.
 46959 | Vaults:4 | Found Lyesk's Antique Armour Shop.
 47266 | Vaults:4 | Paralysed by a sphinx for 5 turns
 47286 | Vaults:4 | Found Ylepiat's General Store.
 47421 | Vaults:4 | Found Qosorrid's Book Emporium.
 47435 | Vaults:4 | Bought a book of the Warp for 588 gold pieces
 47440 | Vaults:4 | Learned a level 4 spell: Manifold Assault
 48409 | Depths:1 | Entered Level 1 of the Depths
 48420 | Depths:1 | Identified the +9 plate armour of Igax {Stlth+}
 48420 | Depths:1 | Noticed the Enchantress
 48433 | Depths:1 | Killed the Enchantress
 48435 | Depths:1 | Reached skill level 1 in Air Magic
 48800 | Depths:1 | Reached XP level 22. HP: 174/174 MP: 15/37
 49092 | Depths:1 | Noticed a caustic shrike
 49102 | Depths:1 | Killed a caustic shrike
 49112 | Depths:1 | Noticed a golden dragon
 49114 | Depths:1 | Killed a golden dragon
 49154 | Depths:1 | Reached skill level 10 in Translocations
 50076 | Depths:1 | Found a gateway to Hell.
 50318 | Depths:1 | Found a one-way gate leading to the halls of Pandemonium.
 50474 | Depths:1 | Identified the +6 battleaxe "Fysorhin" {antimagic, Str+2}
 50474 | Depths:1 | Noticed a golden dragon
 50481 | Depths:1 | Killed a golden dragon
 50559 | Depths:1 | Upgraded the game from 0.31.0-11-ge490571c62 to
                  | 0.31.0-12-g77e489cdc1
 50803 | Depths:2 | Identified the ring "Koshror" {Ice Int+3}
 50803 | Depths:2 | Noticed Josephina
 50810 | Depths:2 | Killed Josephina
 50953 | Depths:2 | Learned a level 4 spell: Airstrike
 51079 | Depths:2 | Learned a level 6 spell: Dispersal
 51729 | Depths:2 | Found a one-way gate to the infinite horrors of the Abyss.
 51839 | Depths:2 | Found a glowing golden altar of the Shining One.
 52201 | Depths:3 | Noticed a juggernaut
 52216 | Depths:3 | Killed a juggernaut
 52220 | Depths:3 | Found a magical portal.
 52259 | WizLab   | Entered Maxwell's Workshop
 52852 | WizLab   | Reached skill level 10 in Stealth
 53058 | WizLab   | Identified the ring "Saxequw" {Ice SInv}
 53060 | WizLab   | Identified the ring "Fotez" {Ice Will- Int+7 Dex+4}
 53167 | WizLab   | Reached XP level 23. HP: 177/180 MP: 31/40
 53319 | WizLab   | Identified the ring "Kihal" {Ice rN++ Str+2 Dex+3}
 53366 | WizLab   | Identified the ring "Joseiren" {Fly rF- rC+ rN+}
 53733 | Vaults:4 | Bought a book of Lightning for 504 gold pieces
 53738 | Vaults:4 | Learned a level 4 spell: Vhi's Electric Charge
 53799 | Vaults:5 | Entered Level 5 of the Vaults
 53924 | Vaults:5 | Noticed Margery
 53931 | Vaults:5 | Killed Margery
 53932 | Vaults:5 | Reached skill level 5 in Air Magic
 53937 | Vaults:5 | Noticed a golden dragon
 53947 | Vaults:5 | Killed a golden dragon
 53964 | Vaults:5 | Noticed an ancient lich
 53992 | Vaults:5 | Noticed a golden dragon
 53993 | Vaults:5 | Identified the dragon-blood talisman "Fiel" {+Blink rF-
                  | Str+3}
 53993 | Vaults:5 | Noticed Bai Suzhen
 54005 | Vaults:5 | Killed a golden dragon
 54008 | Vaults:5 | Killed Bai Suzhen
 54082 | Vaults:5 | Reached skill level 10 in Spellcasting
 54082 | Vaults:5 | Identified the ring of Aptoir {rC+ Will+ Str+3}
 54083 | Vaults:5 | Identified the amulet "Ukhlaukargh" {Spirit rF+ rC+}
 54083 | Vaults:5 | Identified the staff of the Orcish Mines {rF+ Conj Earth}
 54083 | Vaults:5 | Identified the +12 orcbow of Riubbad {heavy, Dex+3}
 54322 | Vaults:5 | Identified the +9 dagger of Gevugu {flame, Str+3 Int-4}
 54334 | Vaults:5 | Killed an ancient lich
 54347 | Vaults:5 | Noticed a dread lich
 54460 | Vaults:5 | Killed a dread lich
 54830 | Vaults:5 | Identified the +7 flail of Qumoroefom {vamp, rN+}
 54830 | Vaults:5 | Identified the +0 orcbow of Exchange {antimagic, ^Contam
                  | *Corrode rPois Dex+9}
 54830 | Vaults:5 | Identified the +0 chain mail of Pathos {rF- rN+++ Will+
                  | Int-3}
 55126 | Vaults:5 | Reached XP level 24. HP: 185/185 MP: 20/40
 55295 | Vaults:5 | Noticed a dread lich
 55305 | Vaults:5 | Killed a dread lich
 55368 | Vaults:5 | Identified the +6 trident of the Yoke {freeze, Str+4 Dex+2
                  | Stlth+}
 55588 | Vaults:5 | Got a silver rune of Zot
 55769 | Vaults:5 | Found the +3 pair of seven-league boots {Rampage+∞}
 55886 | Vaults:5 | Identified the Thoughts on Tectonic Hexes
 56444 | Elf:1    | Entered Level 1 of the Elven Halls
 57056 | Elf:1    | Identified the Catalogue of the Tincture
 57389 | Elf:1    | Paralysed by an air elemental for 1 turns
 57933 | Elf:2    | Found a runed translucent gate.
 57934 | Elf:2    | Found a runed translucent gate.
 57934 | Elf:2    | Found a runed translucent gate.
 58009 | Elf:2    | Identified the +7 scimitar "Unio" {protect, *Corrode Will+
                  | Dex+5}
 58103 | Elf:2    | Found Bots's Assorted Antiques.
 58892 | Elf:3    | Entered Level 3 of the Elven Halls
 59109 | Elf:3    | Found Huddor's Weapon Boutique.
 59270 | Elf:3    | Reached skill level 10 in Air Magic
 59479 | Elf:3    | Found Todath's Assorted Antiques.
 59524 | Elf:3    | Identified the ring of Sovereignty {*Corrode rC- Will+
                  | Int+8 Stlth+}
 59600 | Elf:3    | Identified the +5 plate armour "Lyattoest" {Rampage
                  | *Corrode +Blink Slay+6}
 59610 | Elf:3    | Identified the Octavo of Pollution and Weather
 59694 | Elf:3    | Acquired 594 gold pieces
 59704 | Elf:3    | Identified the +0 robe of a Gauntlet {rF+}
 59704 | Elf:3    | Identified the death talisman "Tismoer" {rElec rCorr MP-9
                  | Str-3}
 59707 | Elf:3    | Identified the +3 ring mail of Angar {rPois Will- Int+5}
 59707 | Elf:3    | Identified the +3 sling "Zoschitta" {elec, ^Contam Int+7
                  | Dex+3}
 59707 | Elf:3    | Identified the staff "Miadghy" {Int+3 SInv Air Earth}
 59707 | Elf:3    | Identified Dywnaeqe's Folio of the Polar Blink Frog
 59725 | Elf:3    | Identified the amulet "Tautiz Ymoa" {RegenMP Slay+3 SInv}
 59727 | Elf:3    | Identified Vehumet's Codex of Blows
 59732 | Elf:3    | Identified the staff of Mastery {rN+ Int+6 Necro}
 59883 | Elf:3    | Reached XP level 25. HP: 190/190 MP: 18/42
 59989 | Elf:3    | Found Vadiryte's General Store.
 59991 | Elf:3    | Found Ynossic's Antique Armour Shop.
 60035 | Elf:3    | Found Plog's Weapon Boutique.
 60441 | Orc:2    | Bought a masterwork orb for 350 gold pieces
 60441 | Orc:2    | Identified the orb of the Wheelwright {mayhem, Dex+2} (You
                  | bought it in a shop on level 2 of the Orcish Mines)
 61209 | Orc:2    | Bought the ring of the Hare {EV+10} for 2176 gold pieces
 61209 | Orc:2    | Found the ring of the Hare {EV+10}
 61579 | Depths:3 | Reached skill level 1 in Shields
 61594 | Depths:3 | Noticed Sojobo
 61601 | Depths:3 | Killed Sojobo
 61953 | Depths:3 | Found a one-way gateway to a ziggurat.
 62172 | Depths:4 | Entered Level 4 of the Depths
 62268 | Depths:4 | Found an opulent altar of Gozag.
 62397 | Depths:4 | Noticed a juggernaut
 62404 | Depths:4 | Killed a juggernaut
 62592 | Depths:4 | Identified the +0 chain mail "Keucwiuz" {Int+3}
 62646 | Depths:4 | Found a gate to the Realm of Zot.
 62745 | Depths:4 | Noticed a juggernaut
 62751 | Depths:4 | Killed a juggernaut
 63132 | Depths:4 | Learned a level 8 spell: Maxwell's Capacitive Coupling
 63457 | Slime:1  | Entered Level 1 of the Pits of Slime
 65773 | Slime:3  | Gained mutation: You are dopey. (Int -2) [a shining eye]
 65776 | Slime:3  | Gained mutation: Your body sometimes deteriorates upon
                  | taking damage. [a shining eye]
 67061 | Slime:5  | Entered Level 5 of the Pits of Slime
 67242 | Slime:5  | Reached skill level 15 in Translocations
 67572 | Orc:2    | Identified the cursed +5 kite shield of Ashenzari's
                  | Lethargy {AC+3, Fort, Melee} (You took it off a naga
                  | warrior on level 1 of the Snake Pit)
 67983 | Slime:5  | Reached skill level 20 in Shapeshifting
 68265 | Slime:5  | Reached XP level 26. HP: 198/198 MP: 11/43
 68605 | Slime:5  | Noticed the Royal Jelly
 69711 | Slime:5  | Killed the Royal Jelly
 69911 | Slime:5  | Identified the Incunabulum of the Tektite and Cadavers
 69917 | Slime:5  | Identified the +0 quarterstaff of Rollou {freeze, rF+
                  | Str+4}
 69917 | Slime:5  | Identified the +4 glaive of Conicix {venom, rC+ rCorr}
 69977 | Slime:5  | Identified the +7 trident of Ru's Castigation {protect,
                  | Stlth+}
 70004 | Slime:5  | Identified the +1 hand axe "Ojaun" {drain, Dex+5 SInv}
 70026 | Slime:5  | Got a slimy rune of Zot
 70130 | Slime:4  | Learned a level 3 spell: Ozocubu's Armour
 70510 | Zot:1    | Entered Level 1 of the Realm of Zot
 70510 | Zot:1    | Noticed Parghit
 70516 | Zot:1    | Killed Parghit
 70617 | Zot:1    | Found an ornate altar of the Wu Jian Council.
 70740 | Zot:1    | Found a blossoming altar of Fedhas.
 70789 | Zot:1    | Reached skill level 1 in Ice Magic
 71795 | Lair:5   | Learned a level 4 spell: Summon Lightning Spire
 71801 | Lair:5   | Learned a level 4 spell: Passage of Golubria
 72307 | Zot:1    | Lost mutation: Your body sometimes deteriorates upon taking
                  | damage. [potion of mutation]
 72307 | Zot:1    | Lost mutation: You are dopey. (Int -2) [potion of mutation]
 72307 | Zot:1    | Gained mutation: One of your tentacles bears a spike.
                  | [potion of mutation]
 72307 | Zot:1    | Gained mutation: Your spells are a little harder to cast,
                  | but a little more powerful. [potion of mutation]
 72307 | Zot:1    | Gained mutation: You have hidden genetic potential. [potion
                  | of mutation]
 72307 | Zot:1    | Gained mutation: Your muscles are strong. (Str +4, Int/Dex
                  | -1) [potion of mutation]
 72999 | Zot:1    | Reached skill level 10 in Summonings
 73592 | Zot:2    | Reached skill level 21 in Shapeshifting
 73962 | Zot:2    | Identified the +6 hand axe of Ebbaesel {flame, ^Fragile
                  | Str+4}
 74197 | Zot:3    | Noticed a Killer Klown
 74206 | Zot:3    | Killed a Killer Klown
 74503 | Zot:3    | Noticed a Killer Klown
 74511 | Zot:3    | Killed a Killer Klown
 74537 | Zot:3    | Reached XP level 27. HP: 203/203 MP: 24/44
 74882 | Zot:3    | Identified the Secrets of Displacement
 74882 | Zot:3    | Identified the +0 cloak of the Monk {rElec rN+ Will+ Int+4}
 74882 | Zot:3    | Identified the +2 cloak of the Goldsmith {rPois rF+ rCorr
                  | Dex-3}
 74882 | Zot:3    | Noticed Heoriaro's ghost (legendary GnFi)
 74891 | Zot:3    | Found a transporter.
 74899 | Zot:3    | Found a transporter.
 74905 | Zot:3    | Identified the ring of Feom Mump {rCorr Str+8 Int-4}
 74921 | Zot:3    | Found a bloodstained altar of Trog.
 74965 | Zot:3    | Killed Heoriaro's ghost
 75447 | Zot:3    | Identified the +5 war axe of Autumn {heavy, rF- Int+6}
 76286 | Zot:4    | Gained mutation: Your mind is acute. (Int +4, Str/Dex -1)
                  | [hidden potential]
 76484 | Zot:5    | Entered Level 5 of the Realm of Zot
 77246 | Zot:5    | Reached skill level 22 in Shapeshifting
 77280 | Zot:5    | Noticed an ancient lich
 77289 | Zot:5    | Noticed a dread lich
 77293 | Zot:5    | Noticed an orb of fire
 77294 | Zot:5    | Killed an ancient lich
 77295 | Zot:5    | Reached skill level 10 in Evocations
 77304 | Zot:5    | Noticed an orb of fire
 77306 | Zot:5    | Killed a dread lich
 77307 | Zot:5    | Reached skill level 15 in Spellcasting
 77308 | Zot:5    | Gained mutation: Your body sometimes deteriorates upon
                  | taking damage. [an orb of fire]
 77310 | Zot:5    | Lost mutation: Your spells are a little harder to cast, but
                  | a little more powerful. [an orb of fire]
 77318 | Zot:5    | Killed an orb of fire
 77327 | Zot:5    | Noticed an orb of fire
 77329 | Zot:5    | Noticed an orb of fire
 77332 | Zot:5    | Gained mutation: You occasionally lose the ability to read
                  | scrolls when taking damage. [an orb of fire]
 77333 | Zot:5    | Lost mutation: Your mind is acute. (Int +4, Str/Dex -1) [an
                  | orb of fire]
 77381 | Zot:5    | Gained mutation: You sometimes lose your temper in combat.
                  | [an orb of fire]
 77382 | Zot:5    | Got the Orb of Zot
 77401 | Zot:5    | Gained mutation: You are frail. (-10% HP) [an orb of fire]
 77422 | Zot:5    | Noticed an ancient lich
 77424 | Zot:5    | Killed an ancient lich
 77441 | Zot:5    | Noticed Heowne the pandemonium lord
 77550 | Zot:3    | Noticed Boeniseh the pandemonium lord
 77550 | Zot:3    | Noticed an ancient lich
 77563 | Zot:3    | Killed Boeniseh the pandemonium lord
 77634 | Zot:1    | Noticed Jentixki the pandemonium lord
 77636 | Zot:1    | Killed Jentixki the pandemonium lord
 77742 | Depths:1 | Noticed Hote Kodgh the pandemonium lord
 77963 | D:8      | Noticed Vywielia the pandemonium lord
 77994 | D:8      | Killed Vywielia the pandemonium lord
 78004 | D:8      | Lost mutation: Your body sometimes deteriorates upon taking
                  | damage. [potion of mutation]
 78004 | D:8      | Lost mutation: You sometimes lose your temper in combat.
                  | [potion of mutation]
 78004 | D:8      | Lost mutation: You are frail. (-10% HP) [potion of
                  | mutation]
 78004 | D:8      | Gained mutation: Your flesh is heat resistant. (rF+)
                  | [potion of mutation]
 78004 | D:8      | Gained mutation: Your muscles are very strong. (Str +8,
                  | Int/Dex -2) [potion of mutation]
 78004 | D:8      | Gained mutation: You are robust. (+10% HP) [potion of
                  | mutation]
 78153 | D:$      | Escaped with the Orb!

Illustrated notes

Levels and vault maps discovered:
D:1:      arrival_zaba_pyramid, layout_loops_ring
D:2:      layout_rooms, hellmonk_ecumenical_altar_heavens_door, basic_altar
D:3:      layout_rooms, lemuel_zombie_altar_yredelemnul, serial_shops,
          nicolae_lakefront_shop, lemuel_flame_loot_1, uniq_terence, uniq_ijyb,
          uniq_natasha, uniq_crazy_yiuf_cottage
D:4:      layout_basic, mainiacjoe_overflow_alcove_2, portal_sewer_entry_c,
          hangedman_decor_points, pf_guarded_unrand_delatra, uniq_sigmund
D:5:      layout_basic, mainiacjoe_overflow_chevrons, vehumet_altar_wand_db,
          doesnt_xom_only_xom, uniq_pikel
D:6:      black_bear_nest_2, layout_basic, nicolae_qazlal_scattered_showers
D:7:      layout_loops_ring, mainiacjoe_overflow_24_doors,
          minmay_temple_entry_slanted, enter_bailey_4, serial_co_window_serial,
          co_window_paths_a, co_window_paths_b, co_window_corner_a,
          co_window_paths_a, co_window_paths_a, co_window_corner_cb,
          co_window_paths_c, co_window_2corner, co_window_broadway_c,
          glass_columns_b, nrook_mini_backslash
D:8:      layout_cave_pods, jmf_multi_god_temple, st_stairs_5
D:9:      minmay_flawed_box, layout_rooms, minitemple
D:10:     gammafunk_worm_tunnel, layout_long_grid, lair_entry_dummy
D:11:     layout_roguey
D:12:     layout_basic, erik_orc_2, uniq_fannar
D:13:     layout_layer_cave
D:14:     layout_basic, david_vaults_1, grunt_decor_cap, guppyfry_shop_blood
D:15:     gammafunk_depths_entry_grave, layout_basic, serial_bayou_shore_b,
          ebering_ghost_reflecting_pool, serial_shops, shop, uniq_rupert,
          uniq_agnes
Temple:   hellmonk_temple_flake
Lair:1:   layout_loops_ring, lemuel_old_faithful
Lair:2:   layout_roguey, lemuel_fruit_tree
Lair:3:   layout_regular_city, nicolae_shoals_entry_roost,
          alex1729_snake_entry_snake
Lair:4:   layout_gridlike
Lair:5:   due_jungle_book, layout_cellular_growth,
          nicolae_slime_entry_field_trip, st_stairs_8,
          nicolae_quartered_pool_impasse, tgw_fedhas, serial_bayou_shore_b,
          grunt_megastairs_1, uniq_urug
Shoals:1: layout_shoals, nicolae_shoals_pincushion_passage
Shoals:2: layout_shoals
Shoals:3: layout_shoals, serial_shops, shop, nicolae_shoals_flooded_hall,
          uniq_polyphemus, uniq_louise
Shoals:4: shoals_end_hellmonk_holy_island
Snake:1:  layout_layer_cave, serial_shops, shop
Snake:2:  layout_onion_interference, basic_altar, grunt_ministairs_13,
          serial_bayou_crossing
Snake:3:  cheibrodos_toxic_ritual, layout_onion, evilmike_ambush
          [evilmike_ambush_outer_corners, evilmike_ambush_inner_basic],
          grunt_megastairs_2
Snake:4:  hellmonk_snake_rune_quicksilver_temple, layout_cave_town,
          portal_ice_cave_entry_pillars_2, uniq_aizul
Slime:1:  layout_caves
Slime:2:  layout_caves
Slime:3:  layout_caves
Slime:4:  layout_caves
Slime:5:  slime_pit
Orc:1:    layout_caves
Orc:2:    grunt_orc_community_town_hall, layout_caves,
          grunt_orc_community_big_house_1, grunt_orc_community_big_house_2,
          grunt_orc_community_house_2, grunt_orc_community_house_2,
          grunt_orc_community_house_1, grunt_orc_community_house_2,
          grunt_orc_community_house_2, grunt_orc_community_house_3,
          blackcustard_mines_bat_river, uniq_saint_roka, uniq_jorgrun
Elf:1:    elf_arrival_002, layout_geoelf_grid, special_room [special_room_orc],
          nicolae_elf_shapeshifter_party, grunt_megastairs_3
Elf:2:    nicolae_elf_blades_crystal_corner, layout_rooms, serial_shops, shop,
          serial_sigils_hangedman_scratch, feat_on_display
Elf:3:    minmay_elf_hall_dome, layout_loops_ring, serial_shops,
          nicolae_shop_tiny_waterfront, nicolae_shop_bloodbath_and_beyond,
          nicolae_shop_temple_entry_statues_fountains, shop,
          nicolae_shop_dealshenge
Vaults:1: vaults_standard_mumra_lines, vaults_room_grunt_arrival_ludios,
          hangedman_vaults_unwind, nicolae_vaults_sesquioval_fish,
          ontoclasm_vaults_hangar, hangedman_vaults_trim,
          nicolae_vaults_surprise_closet, layout_vaults_chaotic_city
Vaults:2: hangedman_vaults_pinch, ontoclasm_vaults_idyll,
          nicolae_vaults_border_crossing, hangedman_vaults_cutoff,
          minmay_crypt_entry_simple_statues, v_rooms_3,
          nicolae_vaults_stepped_doors, ontoclasm_vaults_ligature,
          layout_vaults_omnigrid, serial_shops, shop,
          nicolae_shop_tiny_statue_garden, shop, nicolae_trove_entry_diagonal
Vaults:3: vaults_room_stairs_pillars, v_misc_19, nicolae_vaults_network_star,
          nicolae_vaults_closet_pinwheel_5, nicolae_vaults_six-pack,
          nicolae_vaults_turnstiles, ontoclasm_vaults_tryst,
          nicolae_vaults_swerve, nicolae_vaults_diamond_2,
          nicolae_vaults_closet_pinwheel_6, v_misc_19,
          nicolae_vaults_mini_display_case, layout_vaults_omnibox
Vaults:4: nicolae_vaults_twisting_passages, nicolae_vaults_apartment_1,
          hangedman_vaults_variations, nicolae_vaults_little_ls, v_misc_24,
          nicolae_vaults_closet_pinwheel_1, nicolae_vaults_little_squares_1,
          v_misc_24, v_pattern_4, nicolae_vaults_storage_room_statues,
          hangedman_vaults_slice, layout_vaults_ring, serial_shops,
          nicolae_diamond_shop, shop, shop, shop,
          nicolae_shop_temple_entry_statues_fountains
Vaults:5: uniq_margery, uniq_bai_suzhen
Depths:1: layout_big_octagon, rand_demon_pan_entry_7, pf_hell_entry_great_geh,
          eino_tiny_chamber, nicolae_rejected_hall, uniq_enchantress
Depths:2: cheibrodos_quadrivalence, layout_gridlike, pan_entry, abyss_entry,
          hell_entry, nicolae_tso_swordbearing_angel,
          minmay_staircase_windowed_small, uniq_josephina
Depths:3: nicolae_cairo_tiling_large_dashed, layout_basic, enter_ziggurat_d,
          abyss_entry, infiniplex_enter_wizlab_glasses,
          chequers_serial_rivers_micro_e, hell_entry,
          serial_library_regret_index_multi, uniq_sojobo
Depths:4: grunt_twist_and_shout, layout_cave_pools, grunt_pan_entry_sceptre,
          hell_entry, grunt_gozag_breadcrumbs
Zot:1:    minmay_elemental_castle, layout_misc_corridors,
          regret_index_zot_stipple_split, bh_zot_ikea_curve, uniq_parghit
Zot:2:    kennysheep_room_grid, layout_onion_interference,
          hangedman_zot_decor_slant
Zot:3:    layout_concentric_octagons, gammafunk_ghost_wrathful_warriors
Zot:4:    layout_misc_corridors
Zot:5:    layout_basic

Skill      XL: |  1  2  3  4  5  6  7  8  9 10 11 12 13 14 15 16 17 18 19 20 21 22 23 24 25 26 27 |
---------------+----------------------------------------------------------------------------------+-----
Unarmed Combat | 4 5 6 7 8 10 11 13 14 15 16 18 19 20 21 | 21.0
Shapeshifting  | 4 6 7 8 9 10 11 12 14 15 16 17 18 19 20 21 22 | 22.3
Fighting       | 2 4 6 8 9 10 12 13 15 16 17 | 17.7
Dodging        | 3 5 6 8 9 10 12 14 15 16 17 18 19 20 | 20.6
Stealth        | 3 5 8 10 12 | 12.0
Translocations | 5 8 9 10 11 14 15 | 15.2
Spellcasting   | 3 4 7 9 10 12 13 14 15 | 15.5
Conjurations   | 2 |  2.8
Evocations     | 5 8 11 | 11.3
Necromancy     | 1 3 |  3.9
Summonings     | 2 6 8 9 10 12 | 12.8
Air Magic      | 2 4 7 10 11 12 14 | 14.2
Shields        | 4 |  4.8
Ice Magic      | 2 |  2.9

Action                     |  1- 3 |  4- 6 |  7- 9 | 10-12 | 13-15 | 16-18 | 19-21 | 22-24 | 25-27 || total
---------------------------+-------+-------+-------+-------+-------+-------+-------+-------+-------++-------
  Melee: Unarmed           |    51 |   106 |   221 |   568 |   920 |   829 |   864 |   907 |  1295 ||  5761
         Tentacles         |    15 |    18 |    57 |   176 |       |       |       |     1 |   134 ||   401
         Constrict         |    13 |    19 |    47 |    81 |   172 |     9 |       |       |    39 ||   380
         Punch             |       |     3 |     3 |       |       |    99 |   133 |   101 |   195 ||   534
         Tailslap          |       |       |       |       |       |   102 |   153 |   126 |    54 ||   435
         Bite              |       |       |       |       |       |    79 |   138 |    76 |    41 ||   334
         Kick              |       |       |       |       |       |       |       |       |   113 ||   113
  Throw: Dart              |       |       |     4 |       |       |       |       |       |       ||     4
   Cast: Magic Dart        |       |       |       |     9 |   149 |    91 |    18 |       |       ||   267
         Passwall          |       |       |       |       |     1 |       |       |       |     6 ||     7
         Call Canine Famil |       |       |       |       |       |       |     8 |       |       ||     8
         Fugue of the Fall |       |       |       |       |       |       |    15 |     8 |    13 ||    36
         Summon Forest     |       |       |       |       |       |       |    14 |     4 |     3 ||    21
         Manifold Assault  |       |       |       |       |       |       |    12 |   231 |   324 ||   567
         Summon Blazeheart |       |       |       |       |       |       |     9 |     4 |     2 ||    15
         Summon Cactus Gia |       |       |       |       |       |       |     8 |    13 |     3 ||    24
         Blink             |       |       |       |       |       |       |     4 |       |       ||     4
         Airstrike         |       |       |       |       |       |       |       |     7 |     1 ||     8
         Vhi's Electric Ch |       |       |       |       |       |       |       |    65 |    72 ||   137
         Dispersal         |       |       |       |       |       |       |       |     1 |     8 ||     9
         Ozocubu's Armour  |       |       |       |       |       |       |       |       |    13 ||    13
         Summon Lightning  |       |       |       |       |       |       |       |       |     6 ||     6
         Maxwell's Capacit |       |       |       |       |       |       |       |       |     3 ||     3
 Invoke: Curse Item        |       |       |       |     5 |     4 |     2 |     2 |     1 |     4 ||    18
         Shatter the Chain |       |       |       |       |       |     2 |       |     2 |     4 ||     8
Ability: Begin Untransform |       |       |       |     1 |     1 |       |       |       |     2 ||     4
         Breathe Fire      |       |       |       |       |       |     3 |       |       |       ||     3
         Siphon Essence    |       |       |       |       |       |       |       |       |     2 ||     2
         Blinkbolt         |       |       |       |       |       |       |       |       |     7 ||     7
  Evoke: Wand              |       |       |     1 |       |       |       |       |       |       ||     1
    Use: Scroll            |     3 |     4 |     7 |     3 |       |     2 |     5 |     4 |    12 ||    40
         Potion            |       |       |     1 |     3 |     2 |    14 |     3 |     4 |     6 ||    33
   Stab: Sleeping          |     8 |     5 |     7 |     1 |    13 |     8 |    23 |    10 |    10 ||    85
         Petrified         |       |       |       |     3 |       |       |       |       |       ||     3
         Invisible         |       |       |       |       |     3 |       |       |       |       ||     3
         Distracted        |       |       |       |       |     1 |     2 |     4 |     2 |     8 ||    17
         Confused          |       |       |       |       |       |       |       |       |     1 ||     1
 Armour: Skin              |    19 |    34 |    90 |   152 |   375 |   564 |   491 |   240 |   240 ||  2205
  Dodge: Dodged            |    23 |    50 |   115 |   277 |   428 |   494 |   678 |   451 |   900 ||  3416
  Block: Other             |       |    13 |    30 |    71 |   104 |   130 |       |       |       ||   348
         Reflection        |       |       |     3 |     1 |     9 |    19 |       |       |       ||    32
         Kite shield       |       |       |       |       |       |     3 |     4 |     1 |   256 ||   264
   Form: Flux              |       |       |     1 |     1 |       |       |       |       |       ||     2
         Serpent           |       |       |       |     1 |     1 |       |       |       |       ||     2
         Dragon            |       |       |       |       |       |     1 |       |       |     1 ||     2
         Death             |       |       |       |       |       |       |       |     1 |     3 ||     4
         Storm             |       |       |       |       |       |       |       |       |     2 ||     2
